 Dungeon Crawl Stone Soup version 0.31-a0-986-g5e6e4ef867 (webtiles) character file.

Game seed: 342049801251432043

89 monsoonserge the Changeling (level 4, -1/28 HPs)
             Began as an Octopode Shapeshifter on Nov 18, 2023.
             Slain by Grinder (2 damage)
             ... on level 3 of the Dungeon.
             The game lasted 00:04:12 (2181 turns).

monsoonserge the Changeling (Octopode Shapeshifter) Turns: 2181, Time: 00:04:13

Health: -1/28      AC:  1    Str: 15    XL:     4   Next: 55%
Magic:  4/4        EV: 10    Int: 12    God:
Gold:   104        SH:  0    Dex: 11    Spells: 3/3 levels left

rFire   . .          .
                       - Unarmed
rCold   . . .        (no shield)
rNeg    . . .        (helmet currently unavailable)
rPois   .            (no amulet)
rElec   .            (no ring)
rCorr   .            (no ring)
SInv    .            (no ring)
Will    .....        (no ring)
Stlth   ++           (no ring)
HPRegen 0.24/turn    (no ring)
MPRegen 0.09/turn    (no ring)
                     (no ring)

%: no passive effects
@: beast-form, constricted
A: beast (slay +2), almost no armour, amphibious, 8 rings, camouflage 1,
gelatinous body 1, (nimble swimmer 1), tentacles
a: Begin Untransformation


You were on level 3 of the Dungeon.
You were a hulking beast.
You visited 1 branch of the dungeon, and saw 3 of its levels.

You collected 104 gold pieces.

Inventory:

Missiles
 j - 6 poisoned darts
Magical Staves
 n - a staff of poison
Talismans
 b - a beast talisman
 c - a flux talisman
 m - a storm talisman
Wands
 p - a wand of flame (12)
Scrolls
 d - 3 scrolls of teleportation {unknown}
 h - a scroll of blinking {unknown}
 k - a scroll of poison {unknown}
 q - a scroll of fear {unknown}
Potions
 a - a potion of lignification
 e - 2 potions of curing {unknown}
 f - a potion of resistance {unknown}
 g - 2 potions of degeneration {unknown}
 i - a potion of invisibility {unknown}
 l - a potion of brilliance {unknown}
 o - a potion of cancellation {unknown}
 r - a potion of heal wounds {unknown}


   Skills:
 + Level 1.3 Fighting
 + Level 2.2 Dodging
 + Level 1.1 Stealth
 * Level 3.8 Unarmed Combat
 + Level 4.0 Shapeshifting


You had 3 spell levels left.
You didn't know any spells.
Your spell library contained the following spells:

 Spells                   Type           Power      Damage    Failure   Level
 Apportation              Tloc           0%         N/A       32%         1
 Necrotise                Necr           0%         1d4       32%         1
 Summon Small Mammal      Summ           0%         N/A       32%         1


Dungeon Overview and Level Annotations

Branches:
Dungeon (3/15)

Altars:

Shops:
D:2 =

Annotations:
D:3 1 transporter, Grinder; IdlyInterested's ghost, amateur DsGl


Innate Abilities, Weirdness & Mutations

You are a hulking beast.
Your limbs bulge with bestial killing power. (Slay +2)
You cannot wear most types of armour.
You are amphibious.
You can wear up to eight rings at the same time.
Your skin changes colour to match your surroundings (Stealth+).
Your rubbery body absorbs attacks. (AC +1, EV +1)
((You are camouflaged when in or above water. (Stealth+)))
You have tentacles for arms and can constrict up to eight enemies at once.


Message History

a +0 dagger; a goblin corpse
r - a brown potion You open the door.
There is an open door here.
An endoplasm comes into view.
Grinder comes into view.
Grinder shouts!
The endoplasm quivers.
You bludgeon the endoplasm!
You kill the endoplasm!
Grinder blinks!
A ball python comes into view.
You barely miss Grinder. You grab Grinder. You constrict Grinder.
Grinder gestures at you. Pain shoots through your body!
You completely miss Grinder.
Grinder is lightly wounded.
You constrict Grinder. You tentacle-slap Grinder.
Grinder is moderately wounded.
You constrict Grinder. Grinder closely misses you.
You tentacle-slap Grinder. You squeeze Grinder.
Grinder is moderately wounded.
You constrict Grinder. Grinder hits you!
You writhe in agony.
* * * LOW HITPOINT WARNING * * *
You closely miss the ball python. Your grab misses the ball python.
Your squeeze misses the ball python. You constrict Grinder.
Grinder barely misses you. The ball python misses you.
The ball python grabs you. The ball python constricts you.
* * * LOW HITPOINT WARNING * * *
Unknown command.
You closely miss the ball python. You grab the ball python.
You constrict Grinder. You constrict the ball python.
The ball python barely misses you. The ball python constricts you.
* * * LOW HITPOINT WARNING * * *
Grinder hits you.
* * * LOW HITPOINT WARNING * * *
You writhe in agony.
You die...
Grinder says, "Now the real fun starts!"

##....... ##...### ##
##+## #. #.# #. #.#
#. ##.## #. ##...##
##S## ######.....#
#..h## #.........##
#.#5#.###.######..###
#.......# #.....
###.##### #.#### #.##
#.# #.# #.# ## #.# #.
#.


You could see Grinder and a ball python.

Vanquished Creatures
  2 adders
  A worm (D:2)
  A dart slug (D:1)
  An orc (D:2)
  9 endoplasms
  4 giant cockroaches
  4 goblins
  5 hobgoblins
  2 jackals (D:3)
  4 quokkas
  5 ball pythons
  8 bats
  5 frilled lizards
  4 kobolds (D:2)
  4 rats (D:2)
59 creatures vanquished.

Notes
Turn   | Place    | Note
-------+----------+-------------------------------------------
     0 | D:1      | monsoonserge the Octopode Shapeshifter began the quest for
                  | the Orb.
     0 | D:1      | Reached XP level 1. HP: 13/13 MP: 1/1
    71 | D:1      | Reached XP level 2. HP: 11/18 MP: 2/2
   356 | D:1      | Reached XP level 3. HP: 23/23 MP: 3/3
  1046 | D:2      | Found Goat's Jewellery Shop.
  1046 | D:2      | Identified the +3 chain mail "Malebucie" {Harm rF- rC+}
  1099 | D:2      | Reached skill level 4 in Shapeshifting
  1401 | D:2      | Reached XP level 4. HP: 28/28 MP: 4/4
  1484 | D:2      | Reached skill level 1 in Stealth
  1826 | D:3      | Found a transporter.
  1829 | D:3      | Noticed IdlyInterested's ghost (amateur DsGl)
  1832 | D:3      | Identified the +6 great mace of the Final Chapter {spect,
                  | rPois}
  1832 | D:3      | Noticed an ogre
  2172 | D:3      | Noticed Grinder
  2181 | D:3      | HP: 1/28 [Grinder (3)]
  2181 | D:3      | Slain by Grinder

Illustrated notes

Levels and vault maps discovered:
D:1:      psy_arrival_dodecagon, layout_loops_corners
D:2:      layout_basic, serial_shops, shop, serial_bayou, serial_bayou_lake_a,
          serial_bayou_pond_d, serial_bayou_lagoon_a, serial_bayou_crossing,
          serial_bayou_shore_a, serial_bayou_lagoon_b, grunt_ministairs_6
D:3:      layout_loops_corners, nicolae_overflow_hidden_temple,
          gammafunk_ghost_smash, uniq_grinder

Skill      XL: |  1  2  3  4 |
---------------+-------------+-----
Shapeshifting  | 4 |  4.0
Stealth        | 1 |  1.1
Fighting       | |  1.3
Dodging        | |  2.2
Unarmed Combat | |  3.8

Action                     |  1- 3 |  4- 6 || total
---------------------------+-------+-------++-------
  Melee: Unarmed           |    71 |    36 ||   107
         Tentacles         |    14 |     6 ||    20
         Constrict         |    20 |     7 ||    27
   Stab: Sleeping          |     8 |     6 ||    14
         Distracted        |     1 |       ||     1
 Armour: Skin              |    32 |    10 ||    42
  Dodge: Dodged            |    41 |    18 ||    59

Table legend: (Time is in decaauts)
 A = Elapsed time spent in this place.
 B = Non-inter-level travel time spent in this place.
 C = Inter-level travel time spent in this place.
 D = Time resting spent in this place.
 E = Time spent auto-exploring this place.
 F = Levels seen in this place.
 G = Mean time per level.
                   A        B        C        D        E       F      G
               +--------+--------+--------+--------+--------+-----+--------+
         Total |   2175 |   2037 |    138 |     78 |   1303 |   3 |  725.0 |
       Dungeon |   2175 |   2037 |    138 |     78 |   1303 |   3 |  725.0 |
               +--------+--------+--------+--------+--------+-----+--------+

Top non-repeatable levels by time:
     D:1: 1008 daAuts
     D:2: 769 daAuts
     D:3: 397 daAuts
